Map: Frost LE

Players

Hantt - Winner!

  • Race: Terran Terran
  • League: Silver
  • Spawn Location: 7:00

Fropez

  • Race: Protoss Protoss
  • League: Silver
  • Spawn Location: 1:00

VOD

Have the link to the VOD?

Description

Time

  • Played on: June 28, 2016, 1:58 p.m.
  • Length: 13:41
Show
View Real Time Build Order
Export as new Build Order

Hantt Terran - Winner!

Build Orders: Liberator Opening, MMM Bio 

Get SALT Encoding   

  12  0:10  Supply Depot  
  12  0:13  SCV  
  13  0:32  Refinery  
  13  0:37  Barracks  
  13  0:44  SCV  
  14  0:56  SCV  
  15  1:08  SCV  
  16  1:20  SCV  
  16  1:25  Supply Depot, Reaper  
  18  1:32  Orbital Command  
  18  1:45  Refinery  
  18  1:53  Factory  
  18  2:02  SCV  
  18  2:05  Marine  
  20  2:14  SCV  
  21  2:23  Marine  
  21  2:26  SCV  
  23  2:37  Factory Reactor  
  23  2:38  SCV  
  23  2:42  Starport  
  24  2:50  SCV  
  24  2:51  Supply Depot  
  25  2:54  Barracks Tech Lab  
  25  3:02  SCV  
  26  3:10  Command Center  
  26  3:15  SCV  
  27  3:27  SCV  
  28  3:37  Liberator x2  
  28  3:41  Factory Tech Lab  
  28  3:47  Marine  
  29  3:48  SCV  
  36  4:00  SCV  
  37  4:04  Marine  
  38  4:13  SCV  
  39  4:22  Marine  
  40  4:37  Engineering Bay  
  40  4:38  Supply Depot  
  40  4:40  Marine  
  40  4:42  SCV  
  42  4:49  Orbital Command  
  42  4:58  Marine  
  43  5:01  Supply Depot  
  42  5:07  SCV  
  42  5:16  Marine  
  42  5:20  SCV  
  43  5:25  Stimpack  
  43  5:26  Medivac  
  45  5:32  SCV  
  45  5:34  SCV, Marauder  
  49  5:37  Widow Mine  
  51  5:44  SCV  
  51  5:46  SCV  
  53  5:52  Refinery  
  53  5:55  Marine, Missile Turret  
  53  5:56  SCV  
  55  5:58  SCV, Missile Turret  
  55  6:02  Supply Depot  
  56  6:05  Widow Mine  
  56  6:10  SCV  
  59  6:13  Marauder  
  59  6:14  Liberator  
  59  6:17  Viking  
  63  6:25  Supply Depot  
  63  6:29  Liberator  
  63  6:32  Refinery  
  66  6:34  Marine, Widow Mine  
  58  6:52  Marine  
  52  7:02  Widow Mine  
  52  7:04  SCV  
  54  7:10  Marauder  
  55  7:16  SCV  
  55  7:24  Medivac  
  55  7:25  Concussive Shells  
  55  7:28  SCV  
  58  7:32  Marauder  
  58  7:36  Widow Mine  
  60  7:40  SCV  
  63  7:51  SCV  
  63  7:52  Marine, SCV  
  66  8:03  SCV  
  66  8:04  SCV  
  66  8:05  Widow Mine  
  68  8:10  Marine  
  65  8:15  SCV  
  66  8:23  Medivac  
  66  8:24  SCV  
  69  8:27  SCV  
  69  8:28  Marine  
  71  8:34  Siege Tank  
  73  8:46  Marine  
  65  9:01  Medivac x2  
  65  9:02  SCV x2  
  71  9:04  Marauder  
  71  9:06  Siege Tank  
  76  9:14  SCV x2  
  78  9:25  Marine  
  78  9:26  SCV x2  
  81  9:37  Medivac x2  
  85  9:38  SCV  
  86  10:00  Command Center  
  86  10:21  Supply Depot  
  86  10:22  Terran Infantry Weapons Level 1  
  86  10:28  Combat Shields  
  86  10:29  Marine, SCV x2, Siege Tank  
  92  10:42  SCV x2  
  94  10:47  Supply Depot  
  94  10:48  Marauder  
  96  10:54  SCV x2  
  98  11:02  Siege Tank  
  100  11:06  SCV x2  
  100  11:08  Marine  
  100  11:09  Supply Depot  
  103  11:18  SCV  
  103  11:27  Marauder  
  102  11:40  Siege Tank  
  102  11:42  SCV  
  102  11:43  SCV  
  99  11:48  Marine  
  98  11:54  SCV  
  98  11:55  SCV  
  98  12:06  Marauder  
  98  12:07  SCV  
  97  12:11  Liberator x2  
  97  12:12  Siege Tank  
  100  12:19  SCV  
  101  12:27  Marine  
  108  12:31  SCV  
  107  12:44  Siege Tank  
  110  12:45  Marauder  
  107  13:06  Marine  
  109  13:38  Supply Depot  
Show
View Real Time Build Order
Export as new Build Order

Fropez Protoss 

Build Orders:  

Get SALT Encoding   

  12  0:01  Probe (Chrono Boost)  
  13  0:14  Pylon  
  13  0:17  Probe (Chrono Boost)  
  14  0:31  Probe (Chrono Boost)  
  15  0:36  Gateway  
  15  0:41  Probe (Chrono Boost)  
  16  0:47  Assimilator  
  16  0:52  Probe (Chrono Boost)  
  17  1:02  Probe (Chrono Boost)  
  18  1:08  Pylon  
  18  1:13  Probe (Chrono Boost)  
  18  1:14  Assimilator  
  19  1:23  Probe (Chrono Boost)  
  20  1:27  Cybernetics Core  
  20  1:34  Probe (Chrono Boost)  
  22  1:53  Pylon  
  21  2:12  Nexus  
  21  2:20  Warp Gate (Chrono Boost)  
  21  2:27  Twilight Council  
  21  2:29  Probe (Chrono Boost)  
  22  2:39  Probe  
  23  2:52  Pylon  
  23  2:58  Probe  
  23  3:00  Gateway  
  23  3:04  Resonating Glaives (Chrono Boost)  
  24  3:10  Probe  
  25  3:22  Probe  
  25  3:23  Probe  
  27  3:34  Probe  
  27  3:38  Adept  
  30  3:41  Mothership Core  
  30  3:48  Adept  
  33  3:52  Probe  
  31  4:24  Gateway  
  31  4:25  Probe  
  31  4:26  Probe  
  33  4:32  Assimilator  
  33  4:33  Assimilator  
  33  4:39  Gateway  
  33  4:40  Gateway  
  33  4:41  Gateway  
  33  4:43  Probe  
  34  4:47  Pylon  
  34  4:51  Probe  
  34  4:52  Pylon  
  35  5:01  Pylon  
  35  5:02  Probe  
  34  5:13  Adept  
  34  5:14  Adept  
  38  5:33  Adept  
  30  5:56  Adept x4  
  38  5:57  Adept x2  
  40  6:22  Stalker x2  
  40  6:23  Stalker  
  17  7:54  Stalker  
  17  7:55  Stalker x2  
  21  8:13  Probe x2 (Chrono Boost)  
  23  8:25  Probe x2 (Chrono Boost)  
  24  8:42  Gateway  
  22  8:50  Pylon  
  22  8:53  Pylon, Zealot x2  
  26  9:16  Probe (Chrono Boost)  
  27  9:17  Probe (Chrono Boost)  
  28  9:26  Probe (Chrono Boost)  
  28  9:28  Mothership Core (Chrono Boost)  
  31  9:47  Stargate  
  31  10:01  Probe (Chrono Boost)  
  32  10:18  Probe (Chrono Boost)  
  32  10:20  Probe (Chrono Boost), Robotics Facility  
  34  10:27  Forge  
  34  10:29  Probe (Chrono Boost)  
  34  10:30  Phoenix  
  37  10:41  Adept x2  
  41  11:07  Phoenix (Chrono Boost)  
  41  11:10  Observer  
  44  11:12  Protoss Air Weapons Level 1 (Chrono Boost)  
  44  11:28  Adept x4  
  44  11:29  Adept  
  52  11:46  Phoenix  
  40  11:48  Stalker x2  
  37  12:04  Stalker  
  37  12:05  Probe  
  37  12:06  Probe  
  36  12:47  Phoenix  
Tags
 
Composition
MMM Bio
Matchup
PvT
Replay Pack
All Mines
Spawn Locations
Cross Positions
Add a new tag
Caveats
  • Supply blocks, unpowered buildings, or Contaminate may cause inaccurate times.
  • Supply counts are checked every 10 seconds.